 Dungeon Crawl Stone Soup version 0.29.1-1-gd02db6906a (webtiles) character file.

Game seed: 7347527755042320682

112050 KamiKatze the Eclecticist (level 16, -5/94 HPs)
             Began as a Deep Elf Conjurer on Oct 19, 2022.
             Was the Champion of Vehumet.
             Slain by a pharaoh ant (29 damage)
             ... on level 1 of the Spider Nest.
             The game lasted 02:14:41 (23222 turns).

KamiKatze the Eclecticist (Deep Elf Conjurer)      Turns: 23222, Time: 02:14:41

Health: -5/94      AC: 15    Str:  4    XL:     16   Next: 10%
Magic:  41/41      EV: 14    Int: 36    God:    Vehumet [******]
Gold:   2558       SH:  5    Dex: 13    Spells: 28/53 levels left

rFire   + . .      SeeInvis +   o - +6 mace of Supply {elec, rN+ Int+4}
rCold   . . .      Faith    .   N - +0 buckler {AC+3}
rNeg    + . .      Spirit   .   n - +2 robe {Archmagi}
rPois   +          Reflect  .   x - +1 helmet
rElec   .          Harm     .   z - +1 cloak {rPois}
rCorr   .          Rampage  .   W - +2 pair of gloves {Stlth+}
Will    +....      Archmagi +   O - +0 pair of boots
Stlth   +++++.....              g - amulet of magic regeneration
HPRegen 0.25/turn               R - ring of protection from fire
MPRegen 0.67/turn               B - ring of see invisible

@: marked, slowed, very slow
A: no striking features
a: Renounce Religion


You were on level 1 of the Spider Nest.
You worshipped Vehumet.
Vehumet was exalted by your worship.
You visited 6 branches of the dungeon, and saw 25 of its levels.
You also visited: Bailey and Volcano.

You collected 2589 gold pieces.
You spent 31 gold pieces at shops.

Inventory:

Hand Weapons
 o - the +6 mace of Supply (weapon) {elec, rN+ Int+4}
   (You found it on level 3 of the Dungeon)

   It occasionally discharges a powerful burst of electricity upon striking a
   foe.
   Int:       It affects your intelligence (+4).
   rN:        It protects you from negative energy.
Missiles
 r - 31 poisoned darts (quivered)
 u - 11 curare-tipped darts
Armour
 n - a +2 robe of the Archmagi (worn)
 x - a +1 helmet (worn)
 z - a +1 cloak of poison resistance (worn)
 L - the +0 robe "Kosaje" {rC+ Dex+4}
   (You found it on level 1 of the Lair of Beasts)

   Dex:       It affects your dexterity (+4).
   rC:        It protects you from cold.
 N - a +0 buckler of protection (worn)
 O - a +0 pair of boots (worn)
 W - a +2 pair of gloves of stealth (worn)
Magical Staves
 X - a staff of earth
Jewellery
 g - an amulet of magic regeneration (around neck)
 k - a +6 ring of strength
 B - a ring of see invisible (right hand)
 R - a ring of protection from fire (left hand)
 U - a +6 ring of dexterity
 Z - a ring of protection from fire
Wands
 y - a wand of polymorph (24)
 A - a wand of flame (46)
 C - a wand of charming (8)
 F - a wand of roots (12)
 Q - a wand of digging (5)
Scrolls
 c - 7 scrolls of teleportation
 e - a scroll of torment
 h - 5 scrolls of fear
 D - 13 scrolls of identify
 G - 2 scrolls of immolation
 H - 4 scrolls of vulnerability
 M - a scroll of enchant weapon
 T - a scroll of butterflies
 Y - a scroll of enchant armour
Potions
 a - 3 potions of lignification
 b - 5 potions of magic
 d - 9 potions of brilliance
 f - 6 potions of cancellation
 i - 13 potions of heal wounds
 l - a potion of ambrosia
 m - 6 potions of mutation
 p - 3 potions of curing
 s - 11 potions of haste
 v - 4 potions of attraction
 E - 4 potions of invisibility
 I - 6 potions of might
 K - 2 potions of resistance
 P - a potion of berserk rage
 S - 6 potions of flight


   Skills:
 + Level 8.5 Fighting
 - Level 6.0 Dodging
 - Level 9.0 Stealth
 - Level 4.0 Shields
 * Level 19.4 Spellcasting
 * Level 17.0 Conjurations
 - Level 10.0 Hexes
 - Level 10.0 Translocations
 - Level 3.0 Transmutations
 - Level 9.0 Fire Magic
 * Level 3.6 Earth Magic
 - Level 3.0 Poison Magic
 - Level 2.0 Evocations


You had 28 spell levels left.
You knew the following spells:

 Your Spells              Type           Power      Damage    Failure   Level
a - Magic Dart            Conj           100%       1d8       0%          1
b - Searing Ray           Conj           100%       2d8       0%          2
c - Fulminant Prism       Conj/Hex       57%        3d25      1%          4
d - Iskenderun's Mystic   Conj/Tloc      100%       2d19      1%          4
e - Fireball              Conj/Fire      57%        3d22      1%          5
f - Iron Shot             Conj/Erth      52%        9d10      1%          6
p - Ignite Poison         Fire/Tmut/Pois 82%        N/A       1%          3

Your spell library contained the following spells:

 Spells                   Type           Power      Damage    Failure   Level
 Dazzling Flash           Conj/Hex       100%       N/A       0%          3
 Apportation              Tloc           100%       N/A       1%          1
 Freeze                   Ice            100%       1d11      1%          1
 Necrotise                Necr           100%       1d9       1%          1
 Shock                    Conj/Air       100%       1d9       1%          1
 Summon Small Mammal      Summ           100%       N/A       1%          1
 Ensorcelled Hibernation  Hex/Ice        100%       N/A       1%          2
 Passwall                 Tmut/Erth      60%        N/A       1%          2
 Poisonous Vapours        Pois/Air       100%       N/A       1%          2
 Frozen Ramparts          Ice            100%       1d16      1%          3
 Summon Guardian Golem    Hex/Summ       82%        N/A       1%          3
 Hailstorm                Conj/Ice       97%        3d19      1%          4
 Lightning Bolt           Conj/Air       48%        1d69      1%          5
 Call Canine Familiar     Summ           51%        N/A       3%          3
 Swiftness                Air            51%        N/A       3%          3
 Vampiric Draining        Necr           51%        2d9       3%          3
 Airstrike                Air            25%        2d(4-20)  3%          4
 Ice Form                 Ice/Tmut       62%        N/A       6%          4
 Corpse Rot               Necr/Pois/Air  59%        N/A       8%          4
 Alistair's Intoxication  Tmut/Pois      47%        N/A       9%          5
 Summon Ice Beast         Ice/Summ       51%        N/A       11%         4
 Summon Lightning Spire   Summ/Air       51%        N/A       11%         4
 Eringya's Noxious Bog    Tmut/Pois      35%        N/A       13%         6
 Borgnjor's Vile Clutch   Necr/Erth      32%        N/A       14%         5
 Agony                    Necr           51%        N/A       30%         5


Dungeon Overview and Level Annotations

Branches:
Dungeon (15/15)            Temple (1/1) D:7            Lair (5/5) D:10
  Swamp (1/4) Lair:3       Spider (1/4) Lair:3        Slime (0/5) Lair:5
    Orc (2/2) D:10            Elf (0/3) Orc:2        Vaults (0/5) D:13
 Depths (0/4) D:15         Bailey (visited)         Volcano (visited)

Altars:
Ashenzari
Cheibriados
Dithmenos
Elyvilon
Fedhas
Gozag
Hepliaklqana
Kikubaaqudgha
Makhleb
Nemelex Xobeh
Okawaru
Qazlal
Ru
Sif Muna
Trog
Uskayaw
Vehumet
Wu Jian
Xom
Yredelemnul
Zin
The Shining One

Shops:
D:8 *   D:13 !   Orc:2 ([*:*

Annotations:
Spider:1 1 transporter


Message History

You feel your power returning.
The mystic blast hits the jumping spider.
The jumping spider is lightly wounded.
The jumping spider is knocked back by the mystic blast.
The mystic blast hits the meliai!
You kill the meliai!
Vehumet accepts your kill.
The mystic blast hits the wolf spider!
The wolf spider is almost dead.
The wolf spider is knocked back by the mystic blast.
The wolf spider slams into the rock wall!
You kill the wolf spider!
Vehumet accepts your kill. The hell hound breathes flames at you.
The blast of flame hits you. You resist.
* * * LOW HITPOINT WARNING * * *
A culicivora comes into view.
A pharaoh ant comes into view.
A fire elemental comes into view.
The jumping spider leaps!
The hell hound breathes flames at you. The blast of flame misses you.
The pharaoh ant waves its antennae.
A redback comes into view.
The wolf spider is healed somewhat.
A hell hound comes into view.
Your Conjurations skill increases to level 17!
You feel much better.
A spark wasp comes into view.
The pharaoh ant closely misses you.
A culicivora comes into view.
A redback comes into view.
Unknown command.
Blink to where?
Press: ? - help, Dir - move target
As you read the scroll of blinking, it crumbles to dust.
The hell hound breathes flames at you. The blast of flame hits you! You resist.
* * * LOW HITPOINT WARNING * * *
Unknown command.
The pharaoh ant bites you!!
You die... #†.○......# #...s†.y.. ....○ss. #.hEws#

#†.)hs### #...sss.##
#)...h§..##
#.......B.##
##..^.....@.#
###....†......###
##...............##
##.........s...^...#
##..............##.##
##................####
#....................#
....................##
#......#..#.........#


You could see a torpor snail, a wolf spider, 4 culicivoras, a pharaoh ant, a
fire elemental, a jumping spider, 3 hell hounds and 2 redbacks.

Vanquished Creatures
  A frost giant (D:15)
  An orc warlord (Orc:2)
  A ghoul (Lair:3)
  Snorg (D:13)
  The ghost of rubinsalamander the Fighter, a journeyman OgFE of the Shining One (Lair:1)
  Josephine (Swamp:1)
  2 boulder beetles
  13 hydras
  4 vault guards (D:13)
  4 centaur warriors
  4 ogre magi
  A catoblepas (D:14)
  A ghost crab (Swamp:1)
  17 two-headed ogres
  A death knight (D:15)
  Urug (D:12)
  5 orc high priests (Orc:2)
  3 tengu warriors (D:15)
  Sonja (Lair:5)
  A hell knight (Volcano)
  2 wizards
  6 orc knights
  2 deep elf pyromancers
  7 orc sorcerers
  2 wolf spiders
  22 ugly things
  A spectral centaur (D:10)
  A spectral boulder beetle (D:10)
  6 cyclopes
  A moth of wrath (Spider:1)
  A centaur zombie (D:10)
  8 black mambas
  A gargoyle (Volcano)
  A torpor snail (Lair:5)
  A molten gargoyle (Volcano)
  A centaur skeleton (D:10)
  2 unseen horrors
  11 cane toads
  An unseen horror zombie (D:10)
  6 rime drakes
  A kobold demonologist (D:10)
  7 komodo dragons
  4 meliai
  2 polar bears
  5 trolls
  3 hornets
  5 blink frogs (Lair:1)
  8 tarantellas (Spider:1)
  10 dream sheep
  19 slime creatures
  11 flying skulls (D:10)
  A spectral black mamba (D:10)
  2 vampires
  4 centaur simulacra
  3 shadows (D:10)
  22 yaks
  13 wraiths
  5 wyverns
  6 humans (D:13)
  8 basilisks
  Grum (D:11)
  Eustachio (D:5)
  A steam dragon (Lair:2)
  8 vampire mosquitoes (D:10)
  7 fire bats (Volcano)
  2 redbacks (Spider:1)
  8 wargs
  A spectral cane toad (Lair:5)
  A hell hound (D:10)
  14 water moccasins
  A hydra simulacrum (Lair:1)
  An ice beast (D:6)
  2 black bears
  A sky beast (D:7)
  45 orc warriors
  2 black mamba simulacra
  2 boulder beetle simulacra (D:10)
  12 ogres
  25 wolves
  6 centaurs
  A kobold brigand (D:8)
  17 bullfrogs
  3 gnoll sergeants
  2 scorpions (D:6)
  2 necrophages
  5 wights
  4 killer bees (D:8)
  6 howler monkeys
  A bullfrog zombie (D:5)
  An electric eel (D:11)
  5 lava snakes (Volcano)
  A human zombie (D:5)
  A komodo dragon simulacrum (Lair:1)
  4 hounds
  5 jellies
  A wyvern simulacrum (Lair:1)
  24 orc priests
  Crazy Yiuf (D:6)
  2 scorpion zombies (D:5)
  Ijyb (D:5)
  2 iguanas
  35 orc wizards
  6 hell rats (D:10)
  A yak simulacrum (Lair:1)
  A bullfrog simulacrum (Lair:1)
  7 mummies (D:5)
  19 gnolls
  9 adders
  A shadow imp (D:5)
  2 white imps
  An ufetubus (D:5)
  94 orcs
  7 ball pythons
  4 bats
  4 endoplasms
  A giant cockroach (D:4)
  5 goblins
  2 hobgoblins
  12 jackals
  15 kobolds
  5 quokkas
  2 frilled lizards
  A rat (D:1)
750 creatures vanquished.

Vanquished Creatures (others)
  2 humans (D:13)
  6 foxfires (Swamp:1)
  438 fulminant prisms
  44 fungi
  27 plants
  26 withered plants
543 creatures vanquished.

Grand Total: 1293 creatures vanquished

Notes
Turn   | Place    | Note
-------+----------+-------------------------------------------
     0 | D:1      | KamiKatze the Deep Elf Conjurer began the quest for the
                  | Orb.
     0 | D:1      | Reached XP level 1. HP: 10/10 MP: 6/6
   535 | D:1      | Reached XP level 2. HP: 15/15 MP: 6/8
   583 | D:1      | Learned a level 2 spell: Searing Ray
   891 | D:2      | Reached skill level 1 in Hexes
   891 | D:2      | Reached skill level 1 in Translocations
  1113 | D:2      | Reached XP level 3. HP: 19/19 MP: 6/9
  1843 | D:3      | Reached XP level 4. HP: 24/24 MP: 8/11
  1954 | D:3      | Identified the +6 mace of Supply {elec, rN+ Int+4}
  2064 | D:3      | Learned a level 4 spell: Fulminant Prism
  2074 | D:3      | Found an iron altar of Okawaru.
  2262 | D:4      | Reached skill level 4 in Spellcasting
  2262 | D:4      | Reached skill level 5 in Conjurations
  2267 | D:4      | Learned a level 4 spell: Iskenderun's Mystic Blast
  2315 | D:4      | Reached XP level 5. HP: 28/28 MP: 9/13
  2378 | D:4      | Found a stormy altar of Qazlal.
  2951 | D:5      | Entered Level 5 of the Dungeon
  2951 | D:5      | Noticed Eustachio
  2960 | D:5      | Killed Eustachio
  2961 | D:5      | Reached skill level 5 in Spellcasting
  2961 | D:5      | Reached XP level 6. HP: 24/32 MP: 5/15
  3173 | D:5      | Found a basalt altar of Yredelemnul.
  3183 | D:5      | Noticed Ijyb
  3190 | D:5      | Killed Ijyb
  3338 | D:5      | Reached XP level 7. HP: 27/36 MP: 13/17
  3753 | D:5      | Reached skill level 6 in Spellcasting
  3753 | D:5      | Reached skill level 1 in Evocations
  3771 | D:5      | Reached skill level 5 in Hexes
  4197 | D:5      | Reached XP level 8. HP: 41/41 MP: 15/19
  4215 | D:5      | Found an ancient bone altar of Kikubaaqudgha.
  4333 | D:6      | Reached skill level 5 in Translocations
  4336 | D:6      | Reached skill level 7 in Spellcasting
  4916 | D:6      | Found an ornate altar of the Wu Jian Council.
  5335 | D:6      | Found a runed translucent door.
  5336 | D:6      | Noticed Crazy Yiuf
  5344 | D:6      | Killed Crazy Yiuf
  5345 | D:6      | Reached XP level 9. HP: 46/46 MP: 17/22
  5446 | D:6      | Found a sacrificial altar of Ru.
  5507 | D:7      | Reached skill level 1 in Fighting
  5507 | D:7      | Reached skill level 8 in Spellcasting
  5650 | D:7      | Found a staircase to the Ecumenical Temple.
  5663 | Temple   | Entered the Ecumenical Temple
  5704 | Temple   | Became a worshipper of Vehumet
  5810 | D:7      | Found a burning altar of Makhleb.
  5890 | D:7      | Reached skill level 1 in Shields
  6688 | D:8      | Found Sinour's Assorted Antiques.
  6697 | D:8      | Bought a fuming blue potion for 31 gold pieces
  6729 | D:8      | Reached * piety under Vehumet
  6729 | D:8      | Offered knowledge of Foxfire by Vehumet.
  7120 | D:8      | Found a large runed translucent door.
  7120 | D:8      | Found a large runed translucent door.
  7136 | D:8      | Noticed a four-headed hydra
  7137 | D:8      | Noticed a centaur warrior
  7143 | D:8      | Found a large runed translucent door.
  7143 | D:8      | Found a large runed translucent door.
  7167 | D:8      | Reached XP level 10. HP: 36/53 MP: 13/24
  7338 | D:8      | Reached skill level 9 in Spellcasting
  7530 | D:9      | Noticed a two-headed ogre
  7537 | D:9      | Killed a two-headed ogre
  7538 | D:9      | Reached skill level 5 in Stealth
  7666 | D:9      | Offered knowledge of Static Discharge by Vehumet.
  7672 | D:9      | Reached ** piety under Vehumet
  8056 | D:9      | Found an opulent altar of Gozag.
  8090 | D:9      | Reached skill level 5 in Dodging
  8225 | D:10     | Entered Level 10 of the Dungeon
  8258 | D:10     | Offered knowledge of Stone Arrow by Vehumet.
  8295 | D:10     | Reached skill level 10 in Spellcasting
  8366 | D:10     | Found a flagged portal.
  8369 | D:10     | Noticed a two-headed ogre
  8372 | Bailey   | Entered a bailey
  8530 | Bailey   | Reached XP level 11. HP: 59/59 MP: 24/27
  8627 | Bailey   | Reached *** piety under Vehumet
  8778 | Bailey   | Noticed an orc knight
  8822 | Bailey   | Killed an orc knight
  8822 | Bailey   | Offered knowledge of Ignite Poison by Vehumet.
  8974 | D:10     | Killed a two-headed ogre
  9108 | D:10     | Learned a level 3 spell: Ignite Poison
  9142 | D:10     | Reached **** piety under Vehumet
  9143 | D:10     | Reached skill level 1 in Transmutations
  9175 | D:10     | Found a staircase to the Orcish Mines.
  9198 | D:10     | Reached skill level 1 in Poison Magic
  9352 | D:10     | Reached skill level 11 in Spellcasting
  9387 | D:10     | Noticed a two-headed ogre
  9395 | D:10     | Killed a two-headed ogre
  9396 | D:10     | Reached skill level 10 in Conjurations
  9534 | D:10     | Offered knowledge of Fireball by Vehumet.
  9541 | D:10     | Learned a level 5 spell: Fireball
  9579 | D:10     | Identified the +9 hand axe of the Onslaught {vorpal, rPois
                  | Str+5 Int-5}
  9579 | D:10     | Identified the ring "Unovih" {rPois rC++ MP+9 Int-5 SInv}
  9587 | D:10     | Reached skill level 1 in Fire Magic
  9858 | D:10     | Found a staircase to the Lair.
  9890 | D:10     | Reached XP level 12. HP: 64/64 MP: 29/29
 10385 | Lair:1   | Entered Level 1 of the Lair of Beasts
 10442 | Lair:1   | Noticed a six-headed hydra
 10458 | Lair:1   | Killed a six-headed hydra
 10562 | Lair:1   | Reached skill level 12 in Spellcasting
 10574 | Lair:1   | Reached ***** piety under Vehumet
 10702 | Lair:1   | Found a runed translucent gate.
 10702 | Lair:1   | Found a runed translucent gate.
 10702 | Lair:1   | Found a runed translucent gate.
 11144 | Lair:1   | Reached skill level 10 in Translocations
 11147 | Lair:1   | Reached skill level 10 in Hexes
 11152 | Lair:1   | Offered knowledge of Iskenderun's Battlesphere by Vehumet.
 11359 | Lair:1   | Noticed rubinsalamander's ghost (journeyman OgFE)
 11631 | Lair:2   | Reached skill level 5 in Fire Magic
 12075 | Lair:2   | Identified the +1 quarterstaff "Fidex" {vorpal, Drain Fly
                  | rF+ rN++}
 12327 | Lair:3   | Noticed a seven-headed hydra
 12331 | Lair:3   | Killed a seven-headed hydra
 12348 | Lair:3   | Reached skill level 13 in Spellcasting
 12371 | Lair:3   | Found a staircase to the Swamp.
 12373 | Lair:3   | Noticed a seven-headed hydra
 12379 | Lair:3   | Reached XP level 13. HP: 44/72 MP: 13/32
 12426 | Lair:3   | Found a hole to the Spider Nest.
 12447 | Lair:3   | Found a dark tunnel.
 12455 | Volcano  | Entered a volcano
 12782 | Volcano  | Found a burning altar of Makhleb.
 13364 | Lair:4   | Reached skill level 5 in Fighting
 13435 | Lair:4   | You fall into a shaft and drop 1 floor!
 13435 | Lair:5   | Entered Level 5 of the Lair of Beasts
 13435 | Lair:5   | Found a staircase to the Slime Pits.
 13463 | Lair:5   | Reached skill level 14 in Spellcasting
 13933 | D:10     | Found an ancient bone altar of Kikubaaqudgha.
 14765 | Lair:5   | Offered knowledge of Yara's Violent Unravelling by Vehumet.
 15136 | Lair:5   | Noticed Sonja
 15137 | Lair:5   | Killed Sonja
 15181 | Lair:5   | Noticed a dire elephant
 15256 | Lair:5   | Reached XP level 14. HP: 79/79 MP: 28/34
 15606 | Orc:1    | Entered Level 1 of the Orcish Mines
 15880 | Orc:2    | Entered Level 2 of the Orcish Mines
 15886 | Orc:2    | Found Vimmissi's Assorted Antiques.
 15902 | Orc:2    | Reached skill level 15 in Spellcasting
 16132 | Orc:2    | Found a staircase to the Elven Halls.
 16701 | Orc:2    | Noticed an orc warlord
 16763 | Orc:2    | Killed an orc warlord
 16948 | Orc:2    | Offered knowledge of Starburst by Vehumet.
 16977 | Orc:2    | Reached skill level 16 in Spellcasting
 17347 | Orc:2    | Found Eliso's Antique Armour Shop.
 17348 | Orc:2    | Found Yfer's Antique Weapon Shop.
 17350 | Orc:2    | Found Vaka's General Store.
 17350 | Orc:2    | Found Leput's Book Boutique.
 17714 | D:11     | Noticed Grum
 17716 | D:11     | Killed Grum
 18069 | D:11     | Offered knowledge of Ozocubu's Refrigeration by Vehumet.
 18700 | D:12     | Noticed Urug
 18705 | D:12     | Killed Urug
 19183 | D:13     | Noticed Snorg
 19186 | D:13     | Killed Snorg
 19293 | D:13     | Reached skill level 17 in Spellcasting
 19473 | D:13     | Reached skill level 15 in Conjurations
 19701 | D:13     | Found Nafrif's Distillery.
 19805 | D:13     | Reached XP level 15. HP: 86/86 MP: 15/38
 20284 | D:13     | Found a gate to the Vaults.
 20497 | D:14     | Reached skill level 18 in Spellcasting
 20881 | D:14     | Identified the +4 robe "Ylyaptio" {rN++ Will- Str+2}
 21091 | D:15     | Entered Level 15 of the Dungeon
 21242 | D:15     | Reached ****** piety under Vehumet
 21551 | D:15     | Offered knowledge of Iron Shot by Vehumet.
 21552 | D:15     | Reached skill level 19 in Spellcasting
 21559 | D:15     | Learned a level 6 spell: Iron Shot
 21641 | D:15     | Reached skill level 1 in Earth Magic
 21843 | D:15     | Found a white marble altar of Elyvilon.
 21963 | D:15     | Identified the ring "Zekabex" {Fire Fly rCorr Str-4 Dex+7}
 22062 | D:15     | Noticed a frost giant
 22065 | D:15     | Killed a frost giant
 22104 | D:15     | Found a staircase to the Depths.
 22670 | Lair:1   | Killed rubinsalamander's ghost
 22712 | Lair:1   | Got the ring "Tiobig" {Fire Str+4 Int+4}
 22713 | Lair:1   | Identified the +0 robe "Kosaje" {rC+ Dex+4}
 22862 | Swamp:1  | Entered Level 1 of the Swamp
 22876 | Swamp:1  | Noticed Josephine
 22889 | Lair:3   | Reached XP level 16. HP: 69/94 MP: 21/41
 23008 | Swamp:1  | Killed Josephine
 23158 | Spider:1 | Entered Level 1 of the Spider Nest
 23210 | Spider:1 | Found a transporter.
 23219 | Spider:1 | HP: 4/94 [hell hound/blast of flame[Azrael] (3)]
 23222 | Spider:1 | Slain by a pharaoh ant

Illustrated notes

Levels and vault maps discovered:
D:1:      minmay_arrival_cross, layout_basic, reono_crystal_passage
D:2:      layout_basic
D:3:      layout_rooms, kennysheep_okawaru_gauntlet
D:4:      layout_basic, old_standard_altar, minmay_misc_feat_roman
D:5:      layout_loops_ring, lemuel_mausoleum_altar_kikubaaqudgha,
          yredelemnul_altar_generic, uniq_eustachio, uniq_ijyb
D:6:      layout_basic, nzn_wu_jian_contemplation, nicolae_ru_path_of_blood,
          uniq_crazy_yiuf_cottage
D:7:      layout_basic, nicolae_overflow_hidden_temple,
          minmay_temple_entry_sparse_star, dk_noncrumbling_4,
          minmay_misc_feat_doors, kennysheep_generic_room_5
D:8:      layout_loops_ring, serial_shops, nicolae_stop_n_shop_2,
          minmay_hollow_rounded_squares
D:9:      layout_roguey, nicolae_gozag_cash_rules_everything_around_me,
          eino_small_chamber_without_monster
D:10:     lemuel_vampire_tower, layout_basic, lair_entry_dummy, enter_bailey_2,
          minmay_increasing_density
D:11:     layout_roguey, serial_ice, serial_ice_n, serial_ice_l, serial_ice_a,
          serial_ice_c, uniq_grum
D:12:     layout_loops_corners, uniq_urug
D:13:     layout_loops_ring, ximxim_vaults_locker_room, serial_shops,
          nicolae_shop_crystal, uniq_snorg
D:14:     layout_small_grid, corexii_hall_statues_deadend
D:15:     grunt_enter_depths_snipers, layout_loops_ring, elyvilon_altar_4,
          serial_bayou_crossing
Temple:   nicolae_temple_ecumenical_triangle
Lair:1:   layout_regular_city, gammafunk_ghost_icy, gauntlet_entry_generic,
          wad_woods_road_03
Lair:2:   layout_chaotic_city, nicolae_lair_run_with_the_wolves,
          lemuel_fruit_fields
Lair:3:   layout_big_grid, swamp_mist, spider_nest_entry_web_field,
          nicolae_volcano_entry_hallway, chequers_serial_rivers_small_b
Lair:4:   layout_long_grid
Lair:5:   due_jungle_book, layout_gridlike, nicolae_slime_entry_slimehenge,
          grunt_megastairs_5, uniq_sonja
Swamp:1:  layout_falls_marsh, nicolae_swamp_godswood, uniq_josephine,
          uniq_roxanne
Spider:1: layout_spider_delve, gammafunk_ghost_arena, uniq_azrael
Orc:1:    layout_diamond_mine
Orc:2:    st_orc_congregation, layout_diamond_mine, guppyfry_orc_lava_fort

Skill      XL: |  1  2  3  4  5  6  7  8  9 10 11 12 13 14 15 16 |
---------------+-------------------------------------------------+-----
Hexes          | 1 2 3 4 5 7 8 9 10 | 10.0
Translocations | 1 2 3 4 5 6 8 9 10 | 10.0
Dodging        | 3 4 5 6 |  6.0
Stealth        | 3 4 5 6 8 9 |  9.0
Spellcasting   | 4 5 6 7 8 10 11 13 14 17 19 | 19.4
Conjurations   | 5 6 7 8 9 10 11 13 15 16 17 | 17.0
Evocations     | 1 2 |  2.0
Fighting       | 1 2 3 4 5 7 8 |  8.5
Shields        | 4 |  4.0
Transmutations | 3 |  3.0
Poison Magic   | 3 |  3.0
Fire Magic     | 2 5 8 9 |  9.0
Earth Magic    | 2 3 |  3.6

Action                   |  1- 3 |  4- 6 |  7- 9 | 10-12 | 13-15 | 16-18 || total
-------------------------+-------+-------+-------+-------+-------+-------++-------
Melee: Dagger            |     6 |     1 |       |       |       |       ||     7
       Mace              |       |     2 |       |     3 |     2 |       ||     7
Throw: Dart              |       |       |       |       |     3 |       ||     3
 Cast: Magic Dart        |    48 |    62 |    46 |     5 |     7 |       ||   168
       Searing Ray       |     2 |     9 |    40 |    31 |     8 |       ||    90
       Iskenderun's Myst |       |     1 |    12 |   111 |   132 |     8 ||   264
       Fulminant Prism   |       |     3 |    29 |   134 |   271 |     1 ||   438
       Fireball          |       |       |       |     1 |   113 |     3 ||   117
       Ignite Poison     |       |       |       |       |     1 |       ||     1
       Iron Shot         |       |       |       |       |     6 |     5 ||    11
Evoke: Wand              |       |       |       |       |     2 |       ||     2
  Use: Scroll            |     3 |     5 |     7 |     9 |     3 |     1 ||    28
       Potion            |       |       |       |     2 |       |     5 ||     7
 Stab: Sleeping          |     1 |     1 |       |       |       |       ||     2
Armor: Robe              |     3 |     1 |     3 |    13 |    14 |     7 ||    41
       Steam dragon scal |       |       |       |     1 |       |       ||     1
Dodge: Dodged            |     5 |     4 |    29 |    37 |    34 |    12 ||   121
Block: Buckler           |       |       |       |    15 |     7 |     2 ||    24
